Toronto Maple Leafs vs Minnesota North Stars (R2)

Created - Tuesday, September 16, 2025 at 08:19

Goals
1 2 3 T
Toronto Maple Leafs 0 0 2 2
Minnesota North Stars 1 2 2 5
Shots
1 2 3 T
Toronto Maple Leafs 11 11 20 42
Minnesota North Stars 10 5 14 29

1st period

1. Minnesota North Stars , William Eklund 8 (Evgeni Malkin 15, Brock Nelson 17) at 13:14 (PP)

Penalties :
Jonathan Marchessault (MNS) for Fighting (Major) at 2:28, Sam Bennett (TOR) for Fighting (Major) at 2:28, Nicolas Roy (TOR) for Roughing (Minor) at 8:12, Aaron Ekblad (TOR) for Hooking (Minor) at 12:04, Jonathan Marchessault (MNS) for Roughing (Minor) at 16:53

2nd period

2. Minnesota North Stars , Valeri Nichushkin 15 (Ryan Nugent-Hopkins 10, Matt Roy 6) at 1:59
3. Minnesota North Stars , Mattias Janmark 6 (Matt Roy 7) at 12:25

Penalties :
Erik Cernak (MNS) for Hooking (Minor) at 6:30, Bowen Byram (TOR) for Holding (Minor) at 15:05, Niko Mikkola (MNS) for Interference (Minor) at 18:57

3rd period

4. Toronto Maple Leafs , Brady Tkachuk 9 (Wyatt Johnston 14) at 1:57
5. Minnesota North Stars , Jonathan Marchessault 14 (Jack Hughes 30, Valeri Nichushkin 14) at 9:07 (PP)
6. Toronto Maple Leafs , Quinton Byfield 15 (Brady Tkachuk 21, Wyatt Johnston 15) at 10:41 (PP)
7. Minnesota North Stars , Jack Hughes 11 (Frank Vatrano 9) at 12:30

Penalties :
Mario Ferraro (TOR) for Goalie Interference (Minor) at 2:47, Rasmus Dahlin (MNS) for Tripping (Minor) at 5:29, Aaron Ekblad (TOR) for Holding (Minor) at 8:57, Niko Mikkola (MNS) for Slashing (Minor) at 9:29, Sam Bennett (TOR) for Boarding (Minor) at 18:57

Goalie Stats

Joonas Korpisalo (TOR), 24 saves from 29 shots - (0.828), L, 4-11-2, 60:00 minutes
Charlie Lindgren (MNS), 40 saves from 42 shots - (0.952), W, 3-10-1, 60:00 minutes

Players Stats for Toronto Maple Leafs

Player Name              G  A  P  +/- PIM S  H  SB GA TA FO     MP     PP MP  PK MP  
------------------------------------------------------------------------------------
Aaron Ekblad             0  0  0  -2  4   6  1  1  0  1  0/0    26:18   5:01   3:54 
Andrew Mangiapane        0  0  0  -1  0   0  0  0  1  0  0/0     7:50   0:00   0:00 
Bowen Byram              0  0  0   0  2   1  0  0  0  0  0/0    11:57   0:00   0:38 
Brady Tkachuk            1  1  2   1  0   5  2  0  0  1  0/0    20:34   4:59   3:53 
Brandon Saad             0  0  0  -1  0   3  0  1  0  0  0/0    11:23   0:00   0:11 
Cody Ceci                0  0  0  -2  0   2  2  2  0  0  0/0    26:48   5:01   4:22 
Mackie Samoskevich       0  0  0  -1  0   0  0  0  0  0  0/0     7:50   0:00   0:00 
Mario Ferraro            0  0  0   0  2   1  1  0  0  1  0/0    20:45   4:07   2:42 
Nick Bjugstad            0  0  0  -1  0   0  0  0  0  1  2/4     8:35   0:00   0:00 
Nicolas Roy              0  0  0  -1  2   2  2  1  0  0  0/0    13:01   0:00   1:05 
Quinton Byfield          1  0  1   1  0   4  0  0  0  0  0/3    20:03   4:59   4:04 
Ryan Pulock              0  0  0   0  0   2  0  2  0  2  0/0    21:58   4:07   3:57 
Sam Bennett              0  0  0  -1  7   3  4  0  1  2  11/20  17:55   4:09   3:21 
Sam Malinski             0  0  0   0  0   1  0  0  0  0  0/0    12:19   0:00   1:05 
Scott Laughton           0  0  0  -1  0   2  0  0  0  0  6/11   11:49   0:00   0:00 
Troy Terry               0  0  0  -1  0   6  0  1  2  0  1/2    15:52   4:09   0:00 
Warren Foegele           0  0  0  -1  0   0  1  0  1  0  1/3    15:52   4:09   0:00 
Wyatt Johnston           0  2  2   1  0   4  1  0  1  1  19/23  20:45   4:59   4:04 

Players Stats for Minnesota North Stars

Player Name              G  A  P  +/- PIM S  H  SB GA TA FO     MP     PP MP  PK MP  
------------------------------------------------------------------------------------
Brock Nelson             0  1  1   0  0   3  2  0  0  0  12/16  15:52   4:08   0:00 
Erik Cernak              0  0  0   1  2   0  3  1  0  1  0/0    16:47   0:00   2:56 
Evgeni Malkin            0  1  1   1  0   2  0  0  0  0  2/3    15:48   4:08   0:00 
Frank Vatrano            0  1  1   1  0   0  4  1  1  0  0/1    11:49   0:00   0:00 
Gustav Forsling          0  0  0   0  0   1  2  3  0  0  0/0    25:33   4:40   5:31 
Ivan Barbashev           0  0  0   1  0   2  2  0  2  0  0/1     7:42   0:00   0:00 
Jack Hughes              1  1  2   1  0   4  1  0  1  1  4/13   16:03   4:11   0:00 
Jonathan Marchessault    1  0  1   0  7   1  0  0  0  0  0/2    14:51   4:11   0:06 
Kent Johnson             0  0  0   0  0   1  0  0  0  0  0/2    12:21   0:00   0:06 
Matt Roy                 0  2  2   1  0   1  0  1  0  0  0/0    22:28   3:39   4:44 
Mattias Janmark          1  0  1   1  0   2  2  0  0  0  0/0    11:24   0:00   4:20 
Neal Pionk               0  0  0   1  0   2  4  0  0  3  0/0    19:06   4:40   0:00 
Niko Mikkola             0  0  0   0  4   0  2  1  0  1  0/0    17:00   0:00   3:24 
Rasmus Dahlin            0  0  0   1  2   0  1  3  0  0  0/0    19:11   3:39   1:41 
Ryan Nugent-Hopkins      0  1  1   0  0   4  1  1  0  0  4/21   17:00   0:00   4:42 
Valeri Nichushkin        1  1  2   0  0   2  1  2  2  0  0/0    16:15   4:11   0:00 
William Eklund           1  0  1   0  0   3  1  1  2  0  0/1    20:40   4:08   4:42 
William Karlsson         0  0  0   1  0   1  0  0  1  0  4/6    10:56   0:00   4:20 

3 Stars

1 - Charlie Lindgren (MNS)
2 - Jack Hughes (MNS)
3 - Valeri Nichushkin (MNS)

Power Play

Toronto Maple Leafs - 1 on 5 Attempt(s) - 20.00%
Minnesota North Stars - 2 on 6 Attempt(s) - 33.33%

Penalty Kill

Toronto Maple Leafs - 4 on 6 Attempt(s) - 66.67% - Score 0 goal in Penalty Kill
Minnesota North Stars - 4 on 5 Attempt(s) - 80.00% - Score 0 goal in Penalty Kill

Team Stat

Toronto Maple Leafs - Hits : 14 - Faceoff Wins : 40 - Blocked Shots : 8 - Penalty Minutes : 17
Minnesota North Stars - Hits : 26 - Faceoff Wins : 26 - Blocked Shots : 14 - Penalty Minutes : 15

Official

Referees : Trevor Hanson and Dan O'Rourke
Linesman : Ryan Daisy and Devin Berg

Game Notes

Jonathan Marchessault beats up Sam Bennett at 2:28 of 1st period

Finance

Level 1 -- Attendance: 6000 (100.00%) -- Ticket Income $564,000
Level 2 -- Attendance: 4528 (90.56%) -- Ticket Income $253,568
Level 3 -- Attendance: 3000 (100.00%) -- Ticket Income $96,000
Level 4 -- Attendance: 4769 (95.38%) -- Ticket Income $104,918
Luxury Box -- Attendance: 890 (89.00%) -- Ticket Income $171,770
Game was played at the Met Center.
Total Attendance: 19187 (95.94%)
Total Ticket Income: $1,190,256
Other Income: $416,590
Total Income: $1,606,846

Toronto Maple Leafs

5 vs 5 Forward 
   Center                   Left Wing                Right Wing               Time % Phy DF OF 
 1 Wyatt Johnston           Brady Tkachuk            Quinton Byfield          30     1   2  2  
 2 Sam Bennett              Troy Terry               Warren Foegele           30     1   2  2  
 3 Scott Laughton           Brandon Saad             Nicolas Roy              25     1   2  2  
 4 Nick Bjugstad            Andrew Mangiapane        Mackie Samoskevich       15     1   2  2  

5 vs 5 Defense 
   Defense                  Defense                                           Time % Phy DF OF 
 1 Aaron Ekblad             Cody Ceci                                         30     1   2  2  
 2 Ryan Pulock              Mario Ferraro                                     30     1   2  2  
 3 Bowen Byram              Sam Malinski                                      25     1   2  2  
 4 Aaron Ekblad             Cody Ceci                                         15     1   2  2  

PowerPlay Forward 
   Center                   Left Wing                Right Wing               Time % Phy DF OF 
 1 Wyatt Johnston           Brady Tkachuk            Quinton Byfield          50     1   2  2  
 2 Sam Bennett              Troy Terry               Warren Foegele           50     1   2  2  

PowerPlay Defense
   Defense                  Defense                                           Time % Phy DF OF 
 1 Aaron Ekblad             Cody Ceci                                         50     1   2  2  
 2 Ryan Pulock              Mario Ferraro                                     50     1   2  2  

Penalty Kill 4 Players Forward 
   Center                   Wing                     Time % Phy DF OF 
 1 Wyatt Johnston           Brady Tkachuk            50     1   2  2  
 2 Quinton Byfield          Sam Bennett              50     1   2  2  

Penalty Kill 4 Players Defense
   Defense                  Defense                  Time % Phy DF OF 
 1 Aaron Ekblad             Cody Ceci                50     1   2  2  
 2 Ryan Pulock              Mario Ferraro            50     1   2  2  

Penalty Kill - 3 Players Forward 
   Forward                                           Time % Phy DF OF 
 1 Wyatt Johnston                                    50     1   2  2  
 2 Brady Tkachuk                                     50     1   2  2  

Penalty Kill - 3 Players Defense
   Defense                  Defense                  Time % Phy DF OF 
 1 Aaron Ekblad             Cody Ceci                50     1   2  2  
 2 Ryan Pulock              Mario Ferraro            50     1   2  2  

4 vs 4 Forward 
   Center                   Wing                     Time % Phy DF OF 
 1 Wyatt Johnston           Brady Tkachuk            50     1   2  2  
 2 Quinton Byfield          Sam Bennett              50     1   2  2  

4 vs 4 Defense
   Defense                  Defense                  Time % Phy DF OF 
 1 Aaron Ekblad             Cody Ceci                50     1   2  2  
 2 Ryan Pulock              Mario Ferraro            50     1   2  2  

Last Minutes Offensive
   Center                   Left Wing                Right Wing               Defense                  Defense                  
   Wyatt Johnston           Brady Tkachuk            Quinton Byfield          Aaron Ekblad             Cody Ceci                

Last Minutes Defensive
   Center                   Left Wing                Right Wing               Defense                  Defense                  
   Wyatt Johnston           Brady Tkachuk            Quinton Byfield          Aaron Ekblad             Cody Ceci                

Goaltenders
Starting : Joonas Korpisalo         
Backup : Garin Bjorklund          

Extra Forwards
Normal : Nick Bjugstad, Scott Laughton, Nicolas Roy - PP : Nick Bjugstad, Scott Laughton - PK : Nicolas Roy
Extra Defensemen
Normal : Bowen Byram, Sam Malinski, Ryan Pulock - PP : Bowen Byram - PK : Sam Malinski, Ryan Pulock
Penalty Shots
Wyatt Johnston, Brady Tkachuk, Quinton Byfield, Sam Bennett, Troy Terry

Scratches
P.O. Joseph (Healthy), Lucas Carlsson (Healthy), Connor Dewar (Healthy), Frederik Andersen (Bruised Right Shoulder Injury)

Minnesota North Stars

5 vs 5 Forward 
   Center                   Left Wing                Right Wing               Time % Phy DF OF 
 1 Ryan Nugent-Hopkins      Kent Johnson             Valeri Nichushkin        32     1   2  2  
 2 Jack Hughes              Evgeni Malkin            Frank Vatrano            31     1   2  2  
 3 Brock Nelson             William Eklund           Jonathan Marchessault    31     1   1  3  
 4 William Karlsson         Ivan Barbashev           Mattias Janmark          6      1   2  2  

5 vs 5 Defense 
   Defense                  Defense                                           Time % Phy DF OF 
 1 Neal Pionk               Matt Roy                                          34     1   3  1  
 2 Rasmus Dahlin            Erik Cernak                                       33     1   3  1  
 3 Gustav Forsling          Niko Mikkola                                      33     1   3  1  
 4 Rasmus Dahlin            Matt Roy                                          0      0   3  2  

PowerPlay Forward 
   Center                   Left Wing                Right Wing               Time % Phy DF OF 
 1 Jack Hughes              Jonathan Marchessault    Valeri Nichushkin        50     0   1  4  
 2 Evgeni Malkin            Brock Nelson             William Eklund           50     0   1  4  

PowerPlay Defense
   Defense                  Defense                                           Time % Phy DF OF 
 1 Rasmus Dahlin            Matt Roy                                          50     0   2  3  
 2 Gustav Forsling          Neal Pionk                                        50     0   2  3  

Penalty Kill 4 Players Forward 
   Center                   Wing                     Time % Phy DF OF 
 1 Ryan Nugent-Hopkins      William Eklund           50     0   5  0  
 2 William Karlsson         Mattias Janmark          50     0   5  0  

Penalty Kill 4 Players Defense
   Defense                  Defense                  Time % Phy DF OF 
 1 Erik Cernak              Gustav Forsling          50     0   5  0  
 2 Matt Roy                 Niko Mikkola             50     0   5  0  

Penalty Kill - 3 Players Forward 
   Forward                                           Time % Phy DF OF 
 1 Ryan Nugent-Hopkins                               50     0   5  0  
 2 Mattias Janmark                                   50     0   5  0  

Penalty Kill - 3 Players Defense
   Defense                  Defense                  Time % Phy DF OF 
 1 Matt Roy                 Erik Cernak              50     0   5  0  
 2 Gustav Forsling          Niko Mikkola             50     0   5  0  

4 vs 4 Forward 
   Center                   Wing                     Time % Phy DF OF 
 1 Jack Hughes              Valeri Nichushkin        50     1   1  3  
 2 Evgeni Malkin            William Eklund           50     1   1  3  

4 vs 4 Defense
   Defense                  Defense                  Time % Phy DF OF 
 1 Rasmus Dahlin            Neal Pionk               50     1   3  1  
 2 Gustav Forsling          Niko Mikkola             50     1   3  1  

Last Minutes Offensive
   Center                   Left Wing                Right Wing               Defense                  Defense                  
   Jack Hughes              Jonathan Marchessault    Valeri Nichushkin        Rasmus Dahlin            Gustav Forsling          

Last Minutes Defensive
   Center                   Left Wing                Right Wing               Defense                  Defense                  
   Ryan Nugent-Hopkins      Mattias Janmark          Valeri Nichushkin        Erik Cernak              Gustav Forsling          

Goaltenders
Starting : Charlie Lindgren         
Backup : Logan Thompson           

Extra Forwards
Normal : William Eklund, Ivan Barbashev, Jonathan Marchessault - PP : William Eklund, Jonathan Marchessault - PK : Jonathan Marchessault
Extra Defensemen
Normal : Neal Pionk, Niko Mikkola, Gustav Forsling - PP : Neal Pionk - PK : Niko Mikkola, Gustav Forsling
Penalty Shots
William Eklund, Jonathan Marchessault, Valeri Nichushkin, Evgeni Malkin, Ryan Nugent-Hopkins

Scratches
Lawson Crouse (Healthy), Dylan DeMelo (Healthy)

% Time on Ice - Toronto Maple Leafs

Lines # - Real PCT - Wanted PCT - Time Play
Normal Forward
1 - 27% - 30% - 11:42
2 - 28% - 30% - 11:49
3 - 26% - 25% - 11:12
4 - 18% - 15% - 7:50
Normal Defense
1 - 29% - 30% - 12:33
2 - 33% - 30% - 13:54
3 - 26% - 25% - 11:14
4 - 11% - 15% - 4:52
PP Forward
1 - 55% - 50% - 4:59
2 - 45% - 50% - 4:09
PP Defense
1 - 55% - 50% - 5:01
2 - 45% - 50% - 4:07
PK Forward
1 - 49% - 50% - 4:04
2 - 51% - 50% - 4:15
PK Defense
1 - 53% - 50% - 4:22
2 - 47% - 50% - 3:57
PK3 Forward
1 - 0% - 50%
2 - 0% - 50%
PK3 Defense
1 - 0% - 50%
2 - 0% - 50%
44 Forward
1 - 0% - 50%
2 - 0% - 50%
44 Defense
1 - 0% - 50%
2 - 0% - 50%
Last Minute Offensive  - 0:00
Last Minute Defensive  - 0:00
Total
Forward - 60:00
Defense - 60:00

% Time on Ice - Minnesota North Stars

Lines # - Real PCT - Wanted PCT - Time Play
Normal Forward
1 - 29% - 32% - 12:21
2 - 28% - 31% - 11:52
3 - 28% - 31% - 11:44
4 - 16% - 6% - 6:36
Normal Defense
1 - 33% - 34% - 14:09
2 - 33% - 33% - 14:09
3 - 32% - 33% - 13:33
4 - 2% - 0% - 0:42
PP Forward
1 - 50% - 50% - 4:11
2 - 50% - 50% - 4:08
PP Defense
1 - 44% - 50% - 3:39
2 - 56% - 50% - 4:40
PK Forward
1 - 51% - 50% - 4:42
2 - 49% - 50% - 4:26
PK Defense
1 - 48% - 50% - 4:24
2 - 52% - 50% - 4:44
PK3 Forward
1 - 0% - 50%
2 - 0% - 50%
PK3 Defense
1 - 0% - 50%
2 - 0% - 50%
44 Forward
1 - 0% - 50%
2 - 0% - 50%
44 Defense
1 - 0% - 50%
2 - 0% - 50%
Last Minute Offensive  - 0:00
Last Minute Defensive  - 0:00
Total
Forward - 60:00
Defense - 60:00

Play-by-Play

1st period


0:01 of 1st period - Wyatt Johnston wins face-off versus Ryan Nugent-Hopkins in neutral zone.
0:08 of 1st period - Wrist shot by Wyatt Johnston.
0:08 of 1st period - Shot Blocked by Valeri Nichushkin.
0:10 of 1st period - Slapshot by Cody Ceci.
0:10 of 1st period - Stopped by Charlie Lindgren without a rebound.
0:11 of 1st period - Sam Bennett wins face-off versus Jack Hughes in Minnesota North Stars zone.
0:22 of 1st period - Wrist shot by Troy Terry.
0:22 of 1st period - Shot Misses the Net.
0:24 of 1st period - Slapshot by Ryan Pulock.
0:24 of 1st period - Deflect By Frank Vatrano.
0:24 of 1st period - Stopped by Charlie Lindgren with a rebound.
0:33 of 1st period - Icing by Erik Cernak.
0:34 of 1st period - Scott Laughton wins face-off versus Jack Hughes in Minnesota North Stars zone.
0:37 of 1st period - Snap shot by Mackie Samoskevich.
0:37 of 1st period - Shot Misses the Net.
1:11 of 1st period - Slapshot by Brock Nelson.
1:11 of 1st period - Stopped by Joonas Korpisalo with a rebound.
1:15 of 1st period - Wrist shot by William Eklund.
1:15 of 1st period - Shot Misses the Net.
2:19 of 1st period - Snap shot by Brock Nelson.
2:19 of 1st period - Deflect By William Eklund.
2:19 of 1st period - Shot Misses the Net.
2:19 of 1st period - Puck is out of play.
2:20 of 1st period - Brock Nelson wins face-off versus Sam Bennett in Toronto Maple Leafs zone.
2:28 of 1st period - Jonathan Marchessault beats up Sam Bennett.
2:28 of 1st period - Penalty to Jonathan Marchessault for Fighting.
2:28 of 1st period - Penalty to Sam Bennett for Fighting.
2:29 of 1st period - Wyatt Johnston wins face-off versus Ryan Nugent-Hopkins in Toronto Maple Leafs zone.
2:36 of 1st period - Snap shot by Brady Tkachuk.
2:36 of 1st period - Shot Blocked by Gustav Forsling.
2:38 of 1st period - Snap shot by Wyatt Johnston.
2:38 of 1st period - Stopped by Charlie Lindgren with a rebound.
2:40 of 1st period - Snap shot by Aaron Ekblad.
2:40 of 1st period - Stopped by Charlie Lindgren with a rebound.
2:53 of 1st period - Icing by Niko Mikkola.
2:54 of 1st period - Brock Nelson wins face-off versus Nick Bjugstad in Minnesota North Stars zone.
3:21 of 1st period - Matt Roy is hit by Brady Tkachuk and loses puck.
3:30 of 1st period - Slapshot by Rasmus Dahlin.
3:30 of 1st period - Shot Misses the Net.
3:53 of 1st period - Off-side.
3:54 of 1st period - Brock Nelson wins face-off versus Nick Bjugstad in neutral zone.
4:05 of 1st period - Aaron Ekblad is hit by Ivan Barbashev and loses puck.
4:18 of 1st period - Icing by Matt Roy.
4:19 of 1st period - Ryan Nugent-Hopkins wins face-off versus Scott Laughton in Minnesota North Stars zone.
4:30 of 1st period - Wrist shot by Kent Johnson.
4:30 of 1st period - Shot Misses the Net.
4:32 of 1st period - Wrist shot by Neal Pionk.
4:32 of 1st period - Stopped by Joonas Korpisalo without a rebound.
4:33 of 1st period - Scott Laughton wins face-off versus Jack Hughes in Toronto Maple Leafs zone.
4:33 of 1st period - Scott Laughton is hit by Frank Vatrano.
5:09 of 1st period - Snap shot by Brady Tkachuk.
5:09 of 1st period - Shot Misses the Net.
5:13 of 1st period - Slapshot by Brady Tkachuk.
5:13 of 1st period - Shot Misses the Net.
5:30 of 1st period - Slapshot by Troy Terry.
5:30 of 1st period - Stopped by Charlie Lindgren with a rebound.
5:46 of 1st period - Snap shot by Ivan Barbashev.
5:46 of 1st period - Shot Misses the Net.
7:27 of 1st period - Off-side.
7:28 of 1st period - Brock Nelson wins face-off versus Sam Bennett in neutral zone.
7:36 of 1st period - Icing by Aaron Ekblad.
7:37 of 1st period - Sam Bennett wins face-off versus Jonathan Marchessault in Toronto Maple Leafs zone.
7:55 of 1st period - Wrist shot by Troy Terry.
7:55 of 1st period - Stopped by Charlie Lindgren without a rebound.
7:56 of 1st period - Scott Laughton wins face-off versus Ryan Nugent-Hopkins in Minnesota North Stars zone.
8:07 of 1st period - Snap shot by Ryan Nugent-Hopkins.
8:07 of 1st period - Stopped by Joonas Korpisalo with a rebound.
8:12 of 1st period - Minor Penalty to Nicolas Roy for Roughing.
8:13 of 1st period - Wyatt Johnston wins face-off versus Jack Hughes in Toronto Maple Leafs zone.
8:39 of 1st period - William Eklund is hit by Sam Bennett and loses puck.
10:12 of 1st period - Penalty to Nicolas Roy is over, Nicolas Roy is back on ice.
11:11 of 1st period - Icing by Erik Cernak.
11:12 of 1st period - Sam Bennett wins face-off versus Ivan Barbashev in Minnesota North Stars zone.
11:13 of 1st period - Snap shot by Troy Terry.
11:13 of 1st period - Stopped by Charlie Lindgren with a rebound.
11:17 of 1st period - Wrist shot by Sam Bennett.
11:17 of 1st period - Deflect By Rasmus Dahlin.
11:17 of 1st period - Shot Blocked by Rasmus Dahlin.
11:17 of 1st period - Puck is out of play.
11:18 of 1st period - Brock Nelson wins face-off versus Sam Bennett in Minnesota North Stars zone.
11:18 of 1st period - Brock Nelson is hit by Sam Bennett.
11:46 of 1st period - Snap shot by Frank Vatrano.
11:46 of 1st period - Shot Misses the Net.
11:48 of 1st period - Wrist shot by Jack Hughes.
11:48 of 1st period - Deflect By Evgeni Malkin.
11:48 of 1st period - Stopped by Joonas Korpisalo with a rebound.
12:04 of 1st period - Minor Penalty to Aaron Ekblad for Hooking.
12:05 of 1st period - Wyatt Johnston wins face-off versus Jack Hughes in Toronto Maple Leafs zone.
12:11 of 1st period - Icing by Gustav Forsling.
12:12 of 1st period - Wyatt Johnston wins face-off versus Jack Hughes in Minnesota North Stars zone.
12:17 of 1st period - Snap shot by Wyatt Johnston.
12:17 of 1st period - Stopped by Charlie Lindgren without a rebound.
12:18 of 1st period - Wyatt Johnston wins face-off versus Evgeni Malkin in Minnesota North Stars zone.
12:54 of 1st period - Snap shot by Jack Hughes.
12:54 of 1st period - Stopped by Joonas Korpisalo with a rebound.
12:56 of 1st period - Backhand shot by Jack Hughes.
12:56 of 1st period - Stopped by Joonas Korpisalo without a rebound.
12:57 of 1st period - Evgeni Malkin wins face-off versus Quinton Byfield in Toronto Maple Leafs zone.
13:12 of 1st period - Slapshot by William Eklund.
13:12 of 1st period - Shot Misses the Net.
13:14 of 1st period - Snap shot by William Eklund.
13:14 of 1st period - Goal by William Eklund - Toronto Maple Leafs : 0 - Minnesota North Stars : 1.
13:15 of 1st period - Scott Laughton wins face-off versus Ryan Nugent-Hopkins in neutral zone.
13:42 of 1st period - Ryan Pulock is hit by Neal Pionk and loses puck.
13:51 of 1st period - Wrist shot by Brock Nelson.
13:51 of 1st period - Stopped by Joonas Korpisalo with a rebound.
13:53 of 1st period - Slapshot by Niko Mikkola.
13:53 of 1st period - Shot Blocked by Ryan Pulock.
14:05 of 1st period - Snap shot by Sam Bennett.
14:05 of 1st period - Stopped by Charlie Lindgren with a rebound.
14:07 of 1st period - Wrist shot by Warren Foegele.
14:07 of 1st period - Shot Misses the Net.
14:09 of 1st period - Wrist shot by Troy Terry.
14:09 of 1st period - Stopped by Charlie Lindgren without a rebound.
14:10 of 1st period - Troy Terry wins face-off versus Ryan Nugent-Hopkins in Minnesota North Stars zone.
14:43 of 1st period - Snap shot by Brock Nelson.
14:43 of 1st period - Stopped by Joonas Korpisalo with a rebound.
15:17 of 1st period - Slapshot by Brandon Saad.
15:17 of 1st period - Shot Misses the Net.
15:43 of 1st period - Wrist shot by Wyatt Johnston.
15:43 of 1st period - Shot Misses the Net.
15:45 of 1st period - Snap shot by Wyatt Johnston.
15:45 of 1st period - Deflect By Brady Tkachuk.
15:45 of 1st period - Shot Misses the Net.
15:45 of 1st period - Puck is out of play.
15:46 of 1st period - Brock Nelson wins face-off versus Scott Laughton in Minnesota North Stars zone.
16:01 of 1st period - Slapshot by Brandon Saad.
16:01 of 1st period - Shot Blocked by Erik Cernak.
16:11 of 1st period - Cody Ceci is hit by Jack Hughes and loses puck.
16:22 of 1st period - Snap shot by Jack Hughes.
16:22 of 1st period - Shot Misses the Net.
16:46 of 1st period - Icing by Ryan Pulock.
16:47 of 1st period - Nick Bjugstad wins face-off versus Brock Nelson in Toronto Maple Leafs zone.
16:53 of 1st period - Minor Penalty to Jonathan Marchessault for Roughing.
16:54 of 1st period - Ryan Nugent-Hopkins wins face-off versus Wyatt Johnston in Minnesota North Stars zone.
17:08 of 1st period - Wrist shot by William Karlsson.
17:08 of 1st period - Deflect By Mattias Janmark.
17:08 of 1st period - Shot Misses the Net.
17:08 of 1st period - Puck is out of play.
17:09 of 1st period - William Karlsson wins face-off versus Sam Bennett in Toronto Maple Leafs zone.
17:18 of 1st period - William Karlsson is hit by Sam Bennett and loses puck.
17:35 of 1st period - Mattias Janmark is hit by Brady Tkachuk and loses puck.
17:42 of 1st period - Slapshot by Matt Roy.
17:42 of 1st period - Stopped by Joonas Korpisalo without a rebound.
17:43 of 1st period - Wyatt Johnston wins face-off versus William Eklund in Toronto Maple Leafs zone.
17:43 of 1st period - Wyatt Johnston is hit by William Eklund.
18:53 of 1st period - Penalty to Jonathan Marchessault is over, Jonathan Marchessault is back on ice.
19:35 of 1st period - Snap shot by Nicolas Roy.
19:35 of 1st period - Stopped by Charlie Lindgren without a rebound.
19:36 of 1st period - Jack Hughes wins face-off versus Scott Laughton in Minnesota North Stars zone.
19:51 of 1st period - Evgeni Malkin is hit by Nicolas Roy and loses puck.
Goals for this period are 0 for Toronto Maple Leafs vs 1 for Minnesota North Stars.
Shots for this period are 11 for Toronto Maple Leafs vs 10 for Minnesota North Stars.

2nd period


0:01 of 2nd period - Wyatt Johnston wins face-off versus Brock Nelson in neutral zone.
0:31 of 2nd period - Ryan Pulock is hit by Valeri Nichushkin and loses puck.
1:35 of 2nd period - Wrist shot by Ivan Barbashev.
1:35 of 2nd period - Shot Misses the Net.
1:59 of 2nd period - Wrist shot by Valeri Nichushkin.
1:59 of 2nd period - Goal by Valeri Nichushkin - Toronto Maple Leafs : 0 - Minnesota North Stars : 2.
2:00 of 2nd period - Wyatt Johnston wins face-off versus Kent Johnson in neutral zone.
2:07 of 2nd period - Wyatt Johnston is hit by Erik Cernak and loses puck.
2:28 of 2nd period - Backhand shot by Brandon Saad.
2:28 of 2nd period - Stopped by Charlie Lindgren with a rebound.
2:42 of 2nd period - Slapshot by William Eklund.
2:42 of 2nd period - Stopped by Joonas Korpisalo with a rebound.
3:02 of 2nd period - Backhand shot by Warren Foegele.
3:02 of 2nd period - Shot Misses the Net.
3:12 of 2nd period - Sam Malinski is hit by Neal Pionk and loses puck.
4:25 of 2nd period - Snap shot by Troy Terry.
4:25 of 2nd period - Stopped by Charlie Lindgren with a rebound.
4:39 of 2nd period - Andrew Mangiapane is hit by Mattias Janmark.
4:45 of 2nd period - Wrist shot by Andrew Mangiapane.
4:45 of 2nd period - Shot Blocked by Rasmus Dahlin.
4:58 of 2nd period - Off-side.
4:59 of 2nd period - Wyatt Johnston wins face-off versus Ryan Nugent-Hopkins in neutral zone.
5:05 of 2nd period - Off-side.
5:06 of 2nd period - Brock Nelson wins face-off versus Sam Bennett in neutral zone.
5:58 of 2nd period - Snap shot by Jack Hughes.
5:58 of 2nd period - Shot Blocked by Brandon Saad.
6:00 of 2nd period - Slapshot by Matt Roy.
6:00 of 2nd period - Shot Misses the Net.
6:02 of 2nd period - Snap shot by Frank Vatrano.
6:02 of 2nd period - Shot Blocked by Nicolas Roy.
6:04 of 2nd period - Wrist shot by Evgeni Malkin.
6:04 of 2nd period - Stopped by Joonas Korpisalo with a rebound.
6:30 of 2nd period - Minor Penalty to Erik Cernak for Hooking.
6:31 of 2nd period - Sam Bennett wins face-off versus Ryan Nugent-Hopkins in Minnesota North Stars zone.
7:21 of 2nd period - Gustav Forsling is hit by Sam Bennett and loses puck.
8:30 of 2nd period - Penalty to Erik Cernak is over, Erik Cernak is back on ice.
9:51 of 2nd period - Troy Terry is hit by Niko Mikkola and loses puck.
10:08 of 2nd period - Mackie Samoskevich is hit by Neal Pionk.
10:23 of 2nd period - Scott Laughton is hit by Brock Nelson and loses puck.
10:36 of 2nd period - Niko Mikkola is hit by Cody Ceci and loses puck.
10:43 of 2nd period - Snap shot by Wyatt Johnston.
10:43 of 2nd period - Deflect By Brady Tkachuk.
10:43 of 2nd period - Stopped by Charlie Lindgren without a rebound.
10:44 of 2nd period - Sam Bennett wins face-off versus William Karlsson in Minnesota North Stars zone.
10:47 of 2nd period - Wrist shot by Troy Terry.
10:47 of 2nd period - Shot Misses the Net.
10:49 of 2nd period - Slapshot by Sam Malinski.
10:49 of 2nd period - Stopped by Charlie Lindgren with a rebound.
10:51 of 2nd period - Slapshot by Sam Malinski.
10:51 of 2nd period - Shot Blocked by Rasmus Dahlin.
10:53 of 2nd period - Wrist shot by Sam Bennett.
10:53 of 2nd period - Stopped by Charlie Lindgren with a rebound.
11:01 of 2nd period - Sam Malinski is hit by Ivan Barbashev and loses puck.
11:23 of 2nd period - Erik Cernak is hit by Mario Ferraro and loses puck.
12:25 of 2nd period - Slapshot by Mattias Janmark.
12:25 of 2nd period - Goal by Mattias Janmark - Toronto Maple Leafs : 0 - Minnesota North Stars : 3.
12:26 of 2nd period - Brock Nelson wins face-off versus Sam Bennett in neutral zone.
12:33 of 2nd period - Wrist shot by Brock Nelson.
12:33 of 2nd period - Shot Misses the Net.
12:49 of 2nd period - Jonathan Marchessault is hit by Warren Foegele and loses puck.
13:04 of 2nd period - Snap shot by Troy Terry.
13:04 of 2nd period - Deflect By Brock Nelson.
13:04 of 2nd period - Shot Blocked by Gustav Forsling.
13:04 of 2nd period - Puck is out of play.
13:05 of 2nd period - Wyatt Johnston wins face-off versus Ryan Nugent-Hopkins in Minnesota North Stars zone.
13:14 of 2nd period - Snap shot by Brady Tkachuk.
13:14 of 2nd period - Shot Misses the Net.
13:32 of 2nd period - Scott Laughton is hit by Frank Vatrano and loses puck.
13:43 of 2nd period - Wrist shot by Frank Vatrano.
13:43 of 2nd period - Shot Blocked by Cody Ceci.
13:55 of 2nd period - Ivan Barbashev is hit by Cody Ceci and loses puck.
14:42 of 2nd period - Slapshot by Wyatt Johnston.
14:42 of 2nd period - Shot Misses the Net.
14:44 of 2nd period - Snap shot by Quinton Byfield.
14:44 of 2nd period - Stopped by Charlie Lindgren with a rebound.
14:46 of 2nd period - Snap shot by Wyatt Johnston.
14:46 of 2nd period - Stopped by Charlie Lindgren without a rebound.
14:47 of 2nd period - Scott Laughton wins face-off versus Ryan Nugent-Hopkins in Minnesota North Stars zone.
14:50 of 2nd period - Snap shot by Brandon Saad.
14:50 of 2nd period - Stopped by Charlie Lindgren with a rebound.
15:05 of 2nd period - Minor Penalty to Bowen Byram for Holding.
15:06 of 2nd period - Jack Hughes wins face-off versus Sam Bennett in Toronto Maple Leafs zone.
15:08 of 2nd period - Wrist shot by Valeri Nichushkin.
15:08 of 2nd period - Shot Blocked by Cody Ceci.
15:10 of 2nd period - Backhand shot by Neal Pionk.
15:10 of 2nd period - Stopped by Joonas Korpisalo with a rebound.
15:12 of 2nd period - Slapshot by Gustav Forsling.
15:12 of 2nd period - Shot Hit the Post.
15:38 of 2nd period - Wrist shot by Wyatt Johnston.
15:38 of 2nd period - Shot Misses the Net.
15:40 of 2nd period - Slapshot by Brady Tkachuk.
15:40 of 2nd period - Shot Misses the Net.
16:43 of 2nd period - Cody Ceci is hit by Brock Nelson and loses puck.
17:05 of 2nd period - Penalty to Bowen Byram is over, Bowen Byram is back on ice.
18:06 of 2nd period - Icing by Evgeni Malkin.
18:07 of 2nd period - Scott Laughton wins face-off versus Jack Hughes in Minnesota North Stars zone.
18:08 of 2nd period - Snap shot by Brandon Saad.
18:08 of 2nd period - Shot Misses the Net.
18:14 of 2nd period - Snap shot by Scott Laughton.
18:14 of 2nd period - Stopped by Charlie Lindgren with a rebound.
18:19 of 2nd period - Icing by Rasmus Dahlin.
18:20 of 2nd period - Wyatt Johnston wins face-off versus Jack Hughes in Minnesota North Stars zone.
18:35 of 2nd period - Snap shot by Brady Tkachuk.
18:35 of 2nd period - Stopped by Charlie Lindgren without a rebound.
18:36 of 2nd period - Sam Bennett wins face-off versus Brock Nelson in Minnesota North Stars zone.
18:41 of 2nd period - Wrist shot by Warren Foegele.
18:41 of 2nd period - Shot Blocked by Niko Mikkola.
18:43 of 2nd period - Snap shot by Sam Bennett.
18:43 of 2nd period - Shot Blocked by William Eklund.
18:45 of 2nd period - Slapshot by Aaron Ekblad.
18:45 of 2nd period - Stopped by Charlie Lindgren with a rebound.
18:57 of 2nd period - Minor Penalty to Niko Mikkola for Interference.
18:58 of 2nd period - Wyatt Johnston wins face-off versus Ryan Nugent-Hopkins in Minnesota North Stars zone.
19:01 of 2nd period - Snap shot by Brady Tkachuk.
19:01 of 2nd period - Shot Blocked by Matt Roy.
19:50 of 2nd period - Brady Tkachuk is hit by Erik Cernak and loses puck.
Goals for this period are 0 for Toronto Maple Leafs vs 2 for Minnesota North Stars.
Shots for this period are 11 for Toronto Maple Leafs vs 5 for Minnesota North Stars.

3rd period


0:01 of 3rd period - Ryan Nugent-Hopkins wins face-off versus Warren Foegele in neutral zone.
0:10 of 3rd period - Snap shot by William Eklund.
0:10 of 3rd period - Shot Blocked by Ryan Pulock.
0:12 of 3rd period - Wrist shot by Ryan Nugent-Hopkins.
0:12 of 3rd period - Deflect By Troy Terry.
0:12 of 3rd period - Shot Misses the Net.
0:12 of 3rd period - Puck is out of play.
0:13 of 3rd period - William Karlsson wins face-off versus Sam Bennett in Toronto Maple Leafs zone.
0:14 of 3rd period - Snap shot by Mattias Janmark.
0:14 of 3rd period - Shot Blocked by Aaron Ekblad.
0:23 of 3rd period - Slapshot by Aaron Ekblad.
0:23 of 3rd period - Stopped by Charlie Lindgren without a rebound.
0:24 of 3rd period - Wyatt Johnston wins face-off versus Ryan Nugent-Hopkins in Minnesota North Stars zone.
0:25 of 3rd period - Wrist shot by Quinton Byfield.
0:25 of 3rd period - Stopped by Charlie Lindgren without a rebound.
0:26 of 3rd period - Wyatt Johnston wins face-off versus Ryan Nugent-Hopkins in Minnesota North Stars zone.
0:33 of 3rd period - Slapshot by Quinton Byfield.
0:33 of 3rd period - Shot Misses the Net.
0:35 of 3rd period - Snap shot by Mario Ferraro.
0:35 of 3rd period - Shot Blocked by Ryan Nugent-Hopkins.
0:37 of 3rd period - Wrist shot by Quinton Byfield.
0:37 of 3rd period - Stopped by Charlie Lindgren without a rebound.
0:38 of 3rd period - William Karlsson wins face-off versus Troy Terry in Minnesota North Stars zone.
0:57 of 3rd period - Penalty to Niko Mikkola is over, Niko Mikkola is back on ice.
1:33 of 3rd period - Wrist shot by William Eklund.
1:33 of 3rd period - Stopped by Joonas Korpisalo with a rebound.
1:51 of 3rd period - Slapshot by Aaron Ekblad.
1:51 of 3rd period - Deflect By Scott Laughton.
1:51 of 3rd period - Stopped by Charlie Lindgren with a rebound.
1:53 of 3rd period - Snap shot by Brandon Saad.
1:53 of 3rd period - Deflect By Nicolas Roy.
1:53 of 3rd period - Stopped by Charlie Lindgren with a rebound.
1:55 of 3rd period - Snap shot by Aaron Ekblad.
1:55 of 3rd period - Stopped by Charlie Lindgren without a rebound.
1:56 of 3rd period - Wyatt Johnston wins face-off versus Ryan Nugent-Hopkins in Minnesota North Stars zone.
1:57 of 3rd period - Wrist shot by Brady Tkachuk.
1:57 of 3rd period - Goal by Brady Tkachuk - Toronto Maple Leafs : 1 - Minnesota North Stars : 3.
1:58 of 3rd period - Wyatt Johnston wins face-off versus Kent Johnson in neutral zone.
2:03 of 3rd period - Snap shot by Wyatt Johnston.
2:03 of 3rd period - Shot Blocked by Valeri Nichushkin.
2:05 of 3rd period - Snap shot by Ryan Pulock.
2:05 of 3rd period - Shot Hit the Post.
2:07 of 3rd period - Snap shot by Mario Ferraro.
2:07 of 3rd period - Stopped by Charlie Lindgren without a rebound.
2:08 of 3rd period - Ryan Nugent-Hopkins wins face-off versus Wyatt Johnston in Minnesota North Stars zone.
2:08 of 3rd period - Ryan Nugent-Hopkins is hit by Wyatt Johnston.
2:38 of 3rd period - Slapshot by Quinton Byfield.
2:38 of 3rd period - Shot Misses the Net.
2:44 of 3rd period - Slapshot by Brady Tkachuk.
2:44 of 3rd period - Stopped by Charlie Lindgren with a rebound.
2:46 of 3rd period - Snap shot by Brady Tkachuk.
2:46 of 3rd period - Stopped by Charlie Lindgren with a rebound.
2:47 of 3rd period - Minor Penalty to Mario Ferraro for Goalie Interference.
2:48 of 3rd period - Evgeni Malkin wins face-off versus Quinton Byfield in Toronto Maple Leafs zone.
4:47 of 3rd period - Penalty to Mario Ferraro is over, Mario Ferraro is back on ice.
4:54 of 3rd period - Aaron Ekblad is hit by Erik Cernak.
5:08 of 3rd period - Erik Cernak is hit by Aaron Ekblad and loses puck.
5:17 of 3rd period - Aaron Ekblad is hit by Rasmus Dahlin and loses puck.
5:29 of 3rd period - Minor Penalty to Rasmus Dahlin for Tripping.
5:30 of 3rd period - Sam Bennett wins face-off versus Ryan Nugent-Hopkins in Minnesota North Stars zone.
5:36 of 3rd period - Wrist shot by Sam Bennett.
5:36 of 3rd period - Stopped by Charlie Lindgren without a rebound.
5:37 of 3rd period - Sam Bennett wins face-off versus Ryan Nugent-Hopkins in Minnesota North Stars zone.
6:05 of 3rd period - Wrist shot by Wyatt Johnston.
6:05 of 3rd period - Stopped by Charlie Lindgren with a rebound.
7:29 of 3rd period - Penalty to Rasmus Dahlin is over, Rasmus Dahlin is back on ice.
8:57 of 3rd period - Minor Penalty to Aaron Ekblad for Holding.
8:58 of 3rd period - Jack Hughes wins face-off versus Wyatt Johnston in Toronto Maple Leafs zone.
9:07 of 3rd period - Wrist shot by Jack Hughes.
9:07 of 3rd period - Deflect By Jonathan Marchessault.
9:07 of 3rd period - Goal by Jonathan Marchessault - Toronto Maple Leafs : 1 - Minnesota North Stars : 4.
9:08 of 3rd period - Brock Nelson wins face-off versus Warren Foegele in neutral zone.
9:29 of 3rd period - Minor Penalty to Niko Mikkola for Slashing.
9:30 of 3rd period - Wyatt Johnston wins face-off versus William Karlsson in Minnesota North Stars zone.
9:37 of 3rd period - Wrist shot by Wyatt Johnston.
9:37 of 3rd period - Shot Misses the Net.
9:39 of 3rd period - Slapshot by Cody Ceci.
9:39 of 3rd period - Deflect By William Karlsson.
9:39 of 3rd period - Stopped by Charlie Lindgren without a rebound.
9:40 of 3rd period - William Karlsson wins face-off versus Wyatt Johnston in Minnesota North Stars zone.
9:55 of 3rd period - Wrist shot by Ryan Nugent-Hopkins.
9:55 of 3rd period - Stopped by Joonas Korpisalo with a rebound.
10:41 of 3rd period - Wrist shot by Quinton Byfield.
10:41 of 3rd period - Goal by Quinton Byfield - Toronto Maple Leafs : 2 - Minnesota North Stars : 4.
10:42 of 3rd period - Brock Nelson wins face-off versus Sam Bennett in neutral zone.
11:15 of 3rd period - Bowen Byram is hit by Gustav Forsling and loses puck.
11:26 of 3rd period - Nick Bjugstad is hit by Frank Vatrano and loses puck.
11:34 of 3rd period - Sam Malinski is hit by Niko Mikkola and loses puck.
11:45 of 3rd period - Warren Foegele is hit by Mattias Janmark and loses puck.
12:22 of 3rd period - Snap shot by Ryan Nugent-Hopkins.
12:22 of 3rd period - Stopped by Joonas Korpisalo with a rebound.
12:24 of 3rd period - Snap shot by Kent Johnson.
12:24 of 3rd period - Stopped by Joonas Korpisalo with a rebound.
12:26 of 3rd period - Wrist shot by Ryan Nugent-Hopkins.
12:26 of 3rd period - Stopped by Joonas Korpisalo without a rebound.
12:27 of 3rd period - Jack Hughes wins face-off versus Scott Laughton in Toronto Maple Leafs zone.
12:28 of 3rd period - Snap shot by Frank Vatrano.
12:28 of 3rd period - Shot Misses the Net.
12:30 of 3rd period - Backhand shot by Jack Hughes.
12:30 of 3rd period - Goal by Jack Hughes - Toronto Maple Leafs : 2 - Minnesota North Stars : 5.
12:31 of 3rd period - Sam Bennett wins face-off versus Ryan Nugent-Hopkins in neutral zone.
13:29 of 3rd period - Ryan Pulock is hit by Neal Pionk.
13:31 of 3rd period - Snap shot by Wyatt Johnston.
13:31 of 3rd period - Shot Misses the Net.
13:47 of 3rd period - Wrist shot by William Karlsson.
13:47 of 3rd period - Stopped by Joonas Korpisalo with a rebound.
13:49 of 3rd period - Slapshot by Ivan Barbashev.
13:49 of 3rd period - Stopped by Joonas Korpisalo with a rebound.
13:51 of 3rd period - Slapshot by Gustav Forsling.
13:51 of 3rd period - Shot Misses the Net.
13:53 of 3rd period - Slapshot by Gustav Forsling.
13:53 of 3rd period - Deflect By Mario Ferraro.
13:53 of 3rd period - Stopped by Joonas Korpisalo with a rebound.
14:05 of 3rd period - Troy Terry is hit by Gustav Forsling.
14:11 of 3rd period - Snap shot by Valeri Nichushkin.
14:11 of 3rd period - Shot Misses the Net.
14:13 of 3rd period - Wrist shot by Erik Cernak.
14:13 of 3rd period - Deflect By Valeri Nichushkin.
14:13 of 3rd period - Stopped by Joonas Korpisalo with a rebound.
14:15 of 3rd period - Slapshot by Rasmus Dahlin.
14:15 of 3rd period - Shot Blocked by Troy Terry.
14:44 of 3rd period - Snap shot by Troy Terry.
14:44 of 3rd period - Stopped by Charlie Lindgren without a rebound.
14:45 of 3rd period - Brock Nelson wins face-off versus Scott Laughton in Minnesota North Stars zone.
15:12 of 3rd period - Andrew Mangiapane is hit by Frank Vatrano and loses puck.
15:21 of 3rd period - Slapshot by Aaron Ekblad.
15:21 of 3rd period - Shot Misses the Net.
15:39 of 3rd period - Off-side.
15:40 of 3rd period - Warren Foegele wins face-off versus Jonathan Marchessault in neutral zone.
16:32 of 3rd period - Wrist shot by Brandon Saad.
16:32 of 3rd period - Stopped by Charlie Lindgren with a rebound.
16:34 of 3rd period - Slapshot by Aaron Ekblad.
16:34 of 3rd period - Stopped by Charlie Lindgren with a rebound.
16:36 of 3rd period - Snap shot by Cody Ceci.
16:36 of 3rd period - Deflect By Nicolas Roy.
16:36 of 3rd period - Shot Blocked by Gustav Forsling.
16:36 of 3rd period - Puck is out of play.
16:37 of 3rd period - Sam Bennett wins face-off versus Frank Vatrano in Minnesota North Stars zone.
16:38 of 3rd period - Slapshot by Troy Terry.
16:38 of 3rd period - Shot Blocked by Frank Vatrano.
16:40 of 3rd period - Slapshot by Aaron Ekblad.
16:40 of 3rd period - Stopped by Charlie Lindgren with a rebound.
17:02 of 3rd period - Cody Ceci is hit by Ryan Nugent-Hopkins and loses puck.
17:26 of 3rd period - Jonathan Marchessault is hit by Nicolas Roy and loses puck.
17:53 of 3rd period - Slapshot by Rasmus Dahlin.
17:53 of 3rd period - Shot Misses the Net.
17:59 of 3rd period - Snap shot by Jack Hughes.
17:59 of 3rd period - Stopped by Joonas Korpisalo with a rebound.
18:11 of 3rd period - Snap shot by Mattias Janmark.
18:11 of 3rd period - Stopped by Joonas Korpisalo with a rebound.
18:13 of 3rd period - Wrist shot by Ivan Barbashev.
18:13 of 3rd period - Stopped by Joonas Korpisalo without a rebound.
18:14 of 3rd period - Nick Bjugstad wins face-off versus Ryan Nugent-Hopkins in Toronto Maple Leafs zone.
18:34 of 3rd period - Wrist shot by Mackie Samoskevich.
18:34 of 3rd period - Shot Misses the Net.
18:36 of 3rd period - Snap shot by Bowen Byram.
18:36 of 3rd period - Deflect By Ryan Nugent-Hopkins.
18:36 of 3rd period - Stopped by Charlie Lindgren without a rebound.
18:37 of 3rd period - Wyatt Johnston wins face-off versus Brock Nelson in Minnesota North Stars zone.
18:46 of 3rd period - Snap shot by Wyatt Johnston.
18:46 of 3rd period - Shot Misses the Net.
18:48 of 3rd period - Slapshot by Ryan Pulock.
18:48 of 3rd period - Stopped by Charlie Lindgren without a rebound.
18:49 of 3rd period - Sam Bennett wins face-off versus Jack Hughes in Minnesota North Stars zone.
18:57 of 3rd period - Minor Penalty to Sam Bennett for Boarding.
18:58 of 3rd period - Brock Nelson wins face-off versus Quinton Byfield in Toronto Maple Leafs zone.
Goals for this period are 2 for Toronto Maple Leafs vs 2 for Minnesota North Stars.
Shots for this period are 20 for Toronto Maple Leafs vs 14 for Minnesota North Stars.